 Dungeon Crawl Stone Soup version 0.30-a0-242-g7bf8e6d787 (webtiles) character file.

Game seed: 4649486872809628815

1309 themarg the Fighter (level 8, -1/78 HPs)
             Began as a Minotaur Monk on Oct 12, 2022.
             Was a Priest of Nemelex Xobeh.
             Slain by an orc warrior
             ... wielding a +1 hand axe of freezing
              (10 damage)
             ... on level 6 of the Dungeon.
             The game lasted 00:17:23 (4666 turns).

themarg the Fighter (Minotaur Monk)                 Turns: 4666, Time: 00:17:24

Health: -1/78      AC:  5    Str: 17    XL:     8   Next: 32%
Magic:  11/11      EV: 13    Int:  7    God:    Nemelex Xobeh [***...]
Gold:   217        SH:  0    Dex: 14    Spells: 7/7 levels left

rFire   . . .      SeeInvis .    a - +0 hand axe (venom)
rCold   . . .      Faith    .    (no shield)
rNeg    . . .      Spirit   .    A - +1 troll leather armour {Pargi}
rPois   .          Reflect  .    (helmet restricted)
rElec   .          Harm     .    (no cloak)
rCorr   .          Rampage  .    (no gloves)
Will    .....                    (no boots)
Stlth   ++........               (no amulet)
HPRegen 1.13/turn                (no ring)
MPRegen 0.12/turn                (no ring)

@: no status effects
A: horns 2, retaliatory headbutt
a: Renounce Religion, Draw Escape, Draw Destruction, Draw Summoning, Triple Draw


You were on level 6 of the Dungeon.
You worshipped Nemelex Xobeh.
Nemelex Xobeh was most pleased with you.
You visited 1 branch of the dungeon, and saw 6 of its levels.

You collected 217 gold pieces.

Inventory:

Hand Weapons
 a - a +0 hand axe of venom (weapon)
Missiles
 g - 55 stones (quivered)
 j - 4 poisoned darts
 D - 6 boomerangs
Armour
 u - a +0 leather armour
 v - the +3 buckler of Leaves {rF+++ rCorr Slay-5}
   (You found it on level 3 of the Dungeon)

   Slay:      It affects your accuracy & damage with ranged weapons and melee
   (-5).
   rF:        It renders you almost immune to fire.
   rCorr:     It protects you from acid and corrosion.
 A - a +1 troll leather armour (worn) {Pargi}
Wands
 x - a wand of polymorph (5)
 y - a wand of acid (10)
Scrolls
 b - 3 scrolls of poison
 c - 2 scrolls of enchant weapon {unknown}
 f - 3 scrolls of enchant armour
 h - 2 scrolls of amnesia {unknown}
 i - a scroll of summoning {unknown}
 l - 2 scrolls of teleportation {unknown}
 m - a scroll of fear {unknown}
 n - a scroll of blinking {unknown}
 o - 2 scrolls of silence {unknown}
 r - 2 scrolls of brand weapon
 s - a scroll of butterflies {unknown}
 t - 2 scrolls of noise {unknown}
 C - a scroll of identify {unknown}
Potions
 d - 2 potions of flight {unknown}
 e - 3 potions of heal wounds {unknown}
 k - a potion of curing {unknown}
 p - a potion of haste {unknown}
 q - 2 potions of berserk rage {unknown}
 w - a potion of brilliance {unknown}
 z - 4 potions of mutation {unknown}
 B - a potion of degeneration {unknown}


   Skills:
 + Level 9.4 Fighting
 - Level 5.0 Axes
 - Level 4.0 Dodging
 - Level 2.3 Stealth
 + Level 5.5 Invocations


You had 7 spell levels left.
You didn't know any spells.
Your spell library contained the following spells:

 Spells                   Type           Power      Damage    Failure   Level
 Ignite Poison            Fire/Tmut/Pois 0%         N/A       86%         3
 Kindle Blastsparks       Fire/Tloc/Air  0%         2d10      86%         3
 Freezing Cloud           Conj/Ice/Air   0%         6-21      100%        5


Dungeon Overview and Level Annotations

Branches:
Dungeon (6/15)             Temple (0/1) D:5

Altars:
Nemelex Xobeh
Uskayaw

Shops:
D:3 =   D:4 =

Annotations:
D:2 1 runed translucent door, Crazy Yiuf


Innate Abilities, Weirdness & Mutations

You have a pair of horns on your head.
You reflexively headbutt those who attack you in melee.


Message History

The ogre closely misses you.
You slash the ogre!
You kill the ogre!
An orc warrior comes into view.
It is wielding a +1 hand axe of freezing.
The orc warrior hits you with a +1 hand axe of freezing.
The orc warrior freezes you.
An orc wizard comes into view. It is wielding a +0 dagger.
You completely miss the orc warrior.
The orc wizard shouts!
You hear a shout!
The orc warrior completely misses you.
You hit the orc warrior but do no damage.
The orc warrior hits you with a +1 hand axe of freezing!
The orc warrior freezes you.
The orc wizard gestures at you while chanting.
The puff of flame hits you.
You closely miss the orc warrior.
The orc warrior hits you with a +1 hand axe of freezing.
The orc warrior freezes you.
You hit the orc warrior.
The orc warrior is poisoned.
The orc warrior is moderately wounded.
The orc warrior hits you with a +1 hand axe of freezing!
The orc warrior freezes you.
The orc wizard points at you and mumbles some strange words.
The magic dart hits you.
An orc comes into view. It is wielding a +0 morningstar.
The orc warrior hits you with a +1 hand axe of freezing!
The orc warrior freezes you.
The orc wizard gestures wildly while chanting.
The orc wizard flickers and vanishes!
Deactivating autopickup; reactivate with Ctrl-A.
The orc warrior attacks as you move away!
The orc warrior hits you with a +1 hand axe of freezing!
* * * LOW HITPOINT WARNING * * *
The orc warrior freezes you.
* * * LOW HITPOINT WARNING * * *
There's fewer than three cards, still triple draw?
You fail to use your ability.
The orc warrior hits you with a +1 hand axe of freezing!
You die...
Your body glows slightly and disappears.

#########.# #######
)#.........## ......#
.#..?.......# .####.#
.#..@# ..# <# #.####
#.##.o####...##
)####.##.###.##†o..{)....#
........#.##.##...###[.....
.......###.#...........#.##
.####.## ##.......###.## .#
#..###....#.#.# .#
#...#.###.#.#.# .#
###.#.####.#.#.#


You could see an orc warrior (very poisoned) and an orc.

Vanquished Creatures
  Grinder (D:4)
  Pargi (D:4)
  A sky beast (D:6)
  2 ogres
  3 bullfrogs (D:6)
  2 necrophages
  3 scorpions
  A gnoll bouda (D:4)
  3 iguanas
  7 adders
  4 gnolls (D:4)
  A shadow imp (D:5)
  2 worms
  3 orcs
  6 bats
  6 endoplasms
  5 goblins
  7 hobgoblins
  5 jackals
  4 quokkas
  9 ball pythons
  3 frilled lizards (D:1)
  2 kobolds (D:1)
  4 rats
85 creatures vanquished.

Vanquished Creatures (others)
  2 plants (D:2)
2 creatures vanquished.

Grand Total: 87 creatures vanquished

Notes
Turn   | Place    | Note
-------+----------+-------------------------------------------
     0 | D:1      | themarg the Minotaur Monk began the quest for the Orb.
     0 | D:1      | Reached XP level 1. HP: 19/19 MP: 0/0
   209 | D:1      | Reached XP level 2. HP: 27/27 MP: 1/1
   479 | D:1      | Reached skill level 4 in Fighting
   584 | D:1      | Reached XP level 3. HP: 33/33 MP: 2/2
  1467 | D:2      | Found a runed translucent door.
  1468 | D:2      | Noticed Crazy Yiuf
  1835 | D:3      | Noticed a scorpion
  1871 | D:3      | Killed a scorpion
  1872 | D:3      | Reached skill level 5 in Axes
  1872 | D:3      | Reached XP level 4. HP: 30/41 MP: 3/3
  2050 | D:3      | Found a sparkling altar of Nemelex Xobeh.
  2058 | D:3      | Became a worshipper of Nemelex Xobeh the Trickster
  2058 | D:3      | Reached * piety under Nemelex Xobeh
  2058 | D:3      | Received a gift from Nemelex Xobeh
  2058 | D:3      | Reached ** piety under Nemelex Xobeh
  2105 | D:3      | Reached XP level 5. HP: 44/47 MP: 4/4
  2210 | D:3      | Identified the +3 buckler of Leaves {rF+++ rCorr Slay-5}
  2237 | D:3      | Received a gift from Nemelex Xobeh
  2447 | D:3      | Found Yhiegen's Jewellery Boutique.
  2826 | D:4      | Found a hide-covered altar of Uskayaw.
  2881 | D:4      | Noticed Pargi
  2884 | D:4      | Reached skill level 5 in Fighting
  3037 | D:4      | Noticed Grinder
  3170 | D:4      | Reached skill level 6 in Fighting
  3170 | D:4      | Reached XP level 6. HP: 53/58 MP: 5/5
  3349 | D:4      | Paralysed by Grinder for 3 turns
  3352 | D:4      | Killed Grinder
  3353 | D:4      | Reached skill level 7 in Fighting
  3389 | D:4      | Found Paczue Kimn's Jewellery Emporium.
  3436 | D:4      | Killed Pargi
  3437 | D:4      | Reached XP level 7. HP: 32/66 MP: 6/8
  3683 | D:5      | Entered Level 5 of the Dungeon
  3683 | D:5      | Found a staircase to the Ecumenical Temple.
  3875 | D:5      | Reached skill level 8 in Fighting
  3990 | D:5      | Reached *** piety under Nemelex Xobeh
  4561 | D:6      | Reached XP level 8. HP: 66/77 MP: 10/10
  4572 | D:6      | Reached skill level 9 in Fighting
  4614 | D:6      | Reached skill level 5 in Invocations
  4666 | D:6      | Slain by an orc warrior

Illustrated notes

Levels and vault maps discovered:
D:1:      onia_arrival_handbag, layout_loops_ring
D:2:      layout_rooms, chequers_big_river, minmay_misc_feat_rows,
          chequers_serial_rivers_marsh, uniq_crazy_yiuf_cottage
D:3:      layout_basic, nemelex_xobeh_ov_fountains_minmay, serial_shops,
          shop_coins, st_stairs_14
D:4:      layout_basic, lemuel_crystal_altar, serial_shops,
          nicolae_shop_advertising_works [nicolae_subvault_shop_adworks],
          uniq_grinder, uniq_pargi
D:5:      layout_loops_ring, minmay_temple_entry_glass
D:6:      layout_loops_ring, minmay_diced_spiral, uniq_edmund

Skill      XL: |  1  2  3  4  5  6  7  8 |
---------------+-------------------------+-----
Axes           | 4 5 |  5.0
Fighting       | 4 6 7 8 9 |  9.4
Stealth        | 2 |  2.3
Dodging        | 4 |  4.0
Invocations    | 2 4 5 |  5.5

Action                   |  1- 3 |  4- 6 |  7- 9 || total
-------------------------+-------+-------+-------++-------
Melee: Hand axe          |    85 |    55 |    85 ||   225
       Headbutt          |    17 |    11 |    15 ||    43
       Punch             |     1 |     2 |     1 ||     4
Invok: Draw Destruction  |       |     8 |       ||     8
  Use: Potion            |     1 |       |       ||     1
       Scroll            |       |       |     3 ||     3
 Stab: Sleeping          |     4 |     1 |     3 ||     8
Armor: Robe              |    14 |     1 |       ||    15
       Leather armour    |       |    16 |     1 ||    17
       Troll leather arm |       |       |     9 ||     9
Dodge: Dodged            |    54 |    48 |    46 ||   148

Table legend: (Time is in decaauts)
 A = Elapsed time spent in this place.
 B = Non-inter-level travel time spent in this place.
 C = Inter-level travel time spent in this place.
 D = Time resting spent in this place.
 E = Time spent auto-exploring this place.
 F = Levels seen in this place.
 G = Mean time per level.
                   A        B        C        D        E       F      G
               +--------+--------+--------+--------+--------+-----+--------+
         Total |   4691 |   4577 |    114 |    481 |   3361 |   6 |  781.8 |
       Dungeon |   4691 |   4577 |    114 |    481 |   3361 |   6 |  781.8 |
               +--------+--------+--------+--------+--------+-----+--------+

Top non-repeatable levels by time:
     D:4: 1144 daAuts
     D:2: 918 daAuts
     D:3: 852 daAuts
     D:5: 831 daAuts
     D:1: 789 daAuts
     D:6: 154 daAuts
